 Dungeon Crawl Stone Soup version 0.23-a0-208-gb6b040f31c (webtiles) character file.

50 PikkenKukken the Chopper (level 3, -2/33 HPs)
             Began as a Minotaur Monk on Sept 25, 2018.
             Killed by divine providence
             ... invoked by an orc priest
              (14 damage)
             ... on level 2 of the Dungeon.
             The game lasted 00:01:44 (1002 turns).

PikkenKukken the Chopper (Minotaur Monk)            Turns: 1002, Time: 00:01:44

Health: -2/33      AC:  2    Str: 16    XL:     3   Next: 55%
Magic:  2/2        EV: 13    Int:  7    God:
Gold:   43         SH:  0    Dex: 12    Spells: 2/2 levels left

rFire    . . .     SeeInvis .   a - +0 hand axe
rCold    . . .     Gourm    .   (no shield)
rNeg     . . .     Faith    .   b - +0 robe
rPois    .         Spirit   .   (helmet restricted)
rElec    .         Reflect  .   (no cloak)
rCorr    .         Harm     .   (no gloves)
MR       .....                  (no boots)
Stlth    +.........             (no amulet)
HPRegen  0.11/turn              e - ring of attention (curse)
MPRegen  0.08/turn              (no ring)

@: no status effects
A: retaliatory headbutt, horns 2
a: no special abilities


You were on level 2 of the Dungeon.
You were not hungry.

You visited 1 branch of the dungeon, and saw 2 of its levels.

You collected 43 gold pieces.

Inventory:

Hand Weapons
 a - a +0 hand axe (weapon)
Armour
 b - a +0 robe (worn)
Jewellery
 e - a cursed ring of attention (left hand)
Potions
 d - a potion of heal wounds
 f - a potion of ambrosia
 g - a potion of degeneration {unknown}
Comestibles
 c - 3 rations


   Skills:
 + Level 4.0 Fighting
 * Level 4.5 Axes
 + Level 1.4 Armour
 + Level 3.7 Dodging
 - Level 1.5 Stealth


You had 2 spell levels left.
You didn't know any spells.
Your spell library was empty.

Dungeon Overview and Level Annotations

Branches:
Dungeon (2/15)

Altars:


Innate Abilities, Weirdness & Mutations

You reflexively headbutt those who attack you in melee.
You have a pair of horns on your head.


Message History

The orc priest is moderately wounded.
The orc priest hits you with a hand axe.
You hit the orc priest but do no damage.
The orc priest is moderately wounded.
The orc priest mumbles some strange prayers to Beogh against you.
Beogh smites you!
You hit the orc priest.
The orc priest is moderately wounded.
Unknown command.
You slash the orc!
You kill the orc!
Unknown command.
The orc priest miscasts a cantrip.
You see here a quokka corpse.
The orc priest miscasts a cantrip.
There is a stone staircase leading up here.
The orc hits you.
The orc priest calls down the wrath of Beogh upon you.
Beogh smites you!
You die...

######### #..<....#
#..@....# .
#..o....# ..##
#..o....# ....>
#.......#
#.....####.......#
#....oo.†o..[....#
#....w#########....
...## ..... # .....


You could see an orc priest and 2 orcs.

Vanquished Creatures
  A gnoll (D:1)
  An orc (D:2)
  5 bats (D:1)
  2 giant cockroaches (D:1)
  5 goblins (D:1)
  3 hobgoblins (D:1)
  7 jackals (D:1)
  6 kobolds (D:1)
  A quokka (D:2)
  A ball python (D:1)
  A frilled lizard (D:1)
  A rat (D:1)
34 creatures vanquished.

Notes
Turn   | Place    | Note
-------+----------+-------------------------------------------
     0 | D:1      | PikkenKukken the Minotaur Monk began the quest for the Orb.
     0 | D:1      | Reached XP level 1. HP: 19/19 MP: 0/0
   173 | D:1      | Reached XP level 2. HP: 22/27 MP: 1/1
   286 | D:1      | Reached skill level 1 in Armour
   316 | D:1      | Reached XP level 3. HP: 24/33 MP: 2/2
  1002 | D:2      | Killed from afar by an orc priest

Vault maps used:
D:1:      eino_arrival_cavern_c
D:2:      okawaru_ov_weapons_minmay

Skill      XL: |  1  2 |
---------------+-------+-----
Axes           | 4 |  4.5
Armour         | 1 |  1.4
Fighting       | 4 |  4.0
Dodging        | |  3.7
Stealth        | |  1.5

Action                   || total
-------------------------++-------
Melee: Hand axe          ||    72
       Headbutt          ||     9
  Use: Scroll            ||     3
 Stab: Sleeping          ||     1
Armor: Robe              ||    18
Dodge: Dodged            ||    54

Table legend:
 A = Non-vault XP
 B = Vault XP
 C = Vault XP percentage of total XP
 D = Non-vault monster count
 E = Vault monster count
 F = Vault count percentage of total count
                 A         B        C        D         E       F
            +---------+---------+-------+---------+---------+-------
      Total |      72 |       0 |   0.0 |      34 |       0 |   0.0
            +---------+---------+-------+---------+---------+-------
        D:1 |      67 |       0 |   0.0 |      32 |       0 |   0.0
        D:2 |       5 |       0 |   0.0 |       2 |       0 |   0.0
            +---------+---------+-------+---------+---------+-------
